AoeStats
← KootH.

African Clearing

505558915Analyzed
4v4 RM · 22d ago on Sep 10, 2026· 61m 0s· 8 players
Game mode
Random Map
Map size
Large (8 player)
Population
200
Speed
Normal
Resources
Standard
Victory
Conquest
Starting age
Dark Age
Ending age
Imperial Age
RankedLock teamsTeams togetherTeam positionsShared explorationLock speedFull tech treeHidden civsTurbo modeCheats
Victory
Defeat
🇭🇰 Hindustanis · Hong Kong SAR China
1472
+14
🇲🇽 Wei · Mexico
1466
+14
🇺🇸 Maya · United States
1375
+18
🇨🇱 Spanish · Chile
1350
+20
🇨🇴 Magyars · Colombia
1437
-17
🇲🇽 Teutons · Mexico
1427
-17
🇵🇹 Hindustanis · Portugal
1426
-16
🇵🇹 Vietnamese · Portugal
1408
-16
KootH.
4:41 Loom
12:48 Feudal Age
13:56 Double-Bit Axe
22:03 Castle Age
21:16 Fletching
23:19 Husbandry
23:40 Bow Saw
24:02 Bloodlines
24:49 Bodkin Arrow
27:39 Padded Archer Armor
28:09 Horse Collar
30:38 Leather Archer Armor
31:22 Ballistics
35:15 Wheelbarrow
44:10 Imperial Age
42:15 Thumb Ring
44:35 Hand Cart
44:25 Corvinian Army
45:21 Parthian Tactics
44:40 Heavy Cavalry Archer
45:49 Conscription
46:27 Bracer
47:40 Hoardings
48:13 Ring Archer Armor
49:20 Gold Mining
55:18 Heavy Plow
58:58 Chemistry
HK El Primo
12:25 Feudal Age
13:15 Loom
17:21 Castle Age
15:30 Double-Bit Axe
16:33 Horse Collar
18:20 Heavy Plow
18:31 Loom
20:50 Bow Saw
26:58 Bloodlines
27:00 Forging
27:10 Scale Barding Armor
28:22 Iron Casting
27:48 Town Watch
30:36 Chain Barding Armor
35:55 Town Patrol
36:31 Wheelbarrow
36:32 Gold Mining
39:35 Imperial Age
37:47 Hand Cart
39:42 Cavalier
40:55 Crop Rotation
41:25 Two-Man Saw
42:37 Blast Furnace
42:10 Fletching
42:42 Ballistics
42:46 Paladin
43:51 Bodkin Arrow
45:06 Chemistry
44:56 Conscription
48:41 Plate Barding Armor
49:56 Coinage
49:37 Guilds
49:10 Elite Teutonic Knight
51:41 Scale Mail Armor
52:01 Fortified Wall
52:46 Crenellations
54:33 Chain Mail Armor
Lithium
8:41 Loom
14:16 Feudal Age
16:07 Scale Barding Armor
17:57 Forging
23:12 Castle Age
22:03 Double-Bit Axe
24:34 Husbandry
27:17 Bloodlines
27:54 Light Cavalry
30:25 Bow Saw
30:06 Horse Collar
31:13 Fletching
34:40 Bodkin Arrow
34:46 Padded Archer Armor
36:19 Leather Archer Armor
40:23 Imperial Age
38:39 Wheelbarrow
38:37 Ballistics
38:43 Town Watch
39:15 Hand Cart
41:05 Bracer
42:09 Chemistry
43:15 Elite Rattan Archer
54:35 Ring Archer Armor
Lobo
4:13 Loom
14:24 Feudal Age
18:16 Castle Age
16:33 Fletching
17:09 Double-Bit Axe
19:14 Bodkin Arrow
23:22 Scale Mail Armor
27:52 Town Watch
30:22 Bow Saw
34:20 Wheelbarrow
34:13 Horse Collar
35:56 Chain Mail Armor
37:00 Squires
37:32 Gold Mining
38:24 Forging
39:55 Iron Casting
43:28 Hand Cart
43:25 Heavy Plow
55:57 Imperial Age
57:50 Chemistry
57:18 Padded Archer Armor
58:38 Leather Archer Armor
58:21 Stone Mining
Leonidas
14:01 Feudal Age
14:36 Double-Bit Axe
15:06 Horse Collar
17:41 Castle Age
16:46 Stone Mining
16:57 Loom
17:47 Gold Mining
19:22 Bow Saw
28:07 Scale Barding Armor
53:28 Wheelbarrow
55:02 Forging
57:07 Hand Cart
58:32 Husbandry
59:01 Chain Barding Armor
59:16 Iron Casting
58:03 Light Cavalry
Gabito
12:58 Feudal Age
14:21 Loom
15:43 Double-Bit Axe
18:03 Castle Age
16:51 Gold Mining
17:49 Bloodlines
19:36 Padded Archer Armor
22:40 Husbandry
24:10 Wheelbarrow
23:31 Town Watch
26:02 Leather Archer Armor
27:17 Hand Cart
28:17 Fletching
31:01 Bow Saw
34:14 Bodkin Arrow
35:12 Horse Collar
36:16 Scale Barding Armor
40:27 Imperial Age
38:44 Squires
39:45 Pikeman
42:11 Conscription
42:06 Forging
42:27 Ring Archer Armor
41:24 Cavalier
42:26 Scale Barding Armor
42:11 Halberdier
44:19 Iron Casting
45:09 Chain Barding Armor
47:10 Elite Conquistador
49:41 Plate Barding Armor
50:06 Blast Furnace
55:14 Bracer
59:13 Two-Man Saw
58:34 Heavy Plow
58:58 Fervor
58:17 Light Cavalry
62:21 Chemistry
Fs.Caboclo
8:58 Loom
13:42 Feudal Age
15:00 Double-Bit Axe
17:20 Castle Age
19:33 Bow Saw
24:59 Fletching
27:03 Padded Archer Armor
28:17 Wheelbarrow
28:17 Bodkin Arrow
28:52 Ballistics
29:13 Leather Archer Armor
35:32 Imperial Age
34:48 Forging
34:39 Scale Mail Armor
36:12 Iron Casting
36:07 Hand Cart
35:38 Pikeman
35:50 Elite Plumed Archer
38:01 Conscription
37:26 Halberdier
37:52 Eagle Warrior
38:42 Bracer
39:53 Ring Archer Armor
39:56 Elite Eagle Warrior
41:27 Holcans
40:22 Capped Ram
42:09 Chain Mail Armor
42:56 Blast Furnace
43:09 Coinage
42:07 Siege Ram
44:04 Plate Mail Armor
43:18 Horse Collar
43:34 Gold Mining
46:57 Banking
46:22 Stone Mining
51:44 Heavy Plow
54:19 Town Watch
57:07 Chemistry
中家不出马螺线升天
10:36 Loom
13:26 Feudal Age
15:50 Double-Bit Axe
18:07 Castle Age
29:22 Fervor
37:04 Wheelbarrow
37:24 Bow Saw
38:31 Gold Mining
43:48 Imperial Age
41:59 Husbandry
42:02 Horse Collar
42:39 Bloodlines
42:54 Scale Barding Armor
42:59 Forging
43:26 Forging
43:58 Heavy Plow
43:54 Heavy Camel Rider
44:56 Conscription
44:59 Chain Barding Armor
45:15 Iron Casting
46:57 Plate Barding Armor
46:23 Imperial Camel Rider
48:24 Blast Furnace
47:27 Grand Trunk Road
48:54 Light Cavalry
51:29 Hussar
53:53 Two-Man Saw
53:41 Gold Shaft Mining
55:54 Shatagni
61:03 Padded Archer Armor
Connection lost

Rejoining the realm…

Still unreachable

The connection could not be restored.

Session expired

The server has moved on; the page needs a fresh start.